[Event "Titled Tuesday Blitz March 07 Early 2023"]
[White "Hartikainen, Jarmo"]
[Black "Burdalev, Kirill"]
[WhiteFideId "503134"]
[BlackFideId "14121913"]
[WhiteElo "2196"]
[BlackElo "2236"]
[Result "0-1"]
[Round "10"]
[TimeControl "180+2"]
[Date "2023.03.07"]
[WhiteClock "0:00:02"]
[BlackClock "0:00:05"]

1. e4 c5 2. c3 Nf6 3. e5 Nd5 4. d4 cxd4 5. Nf3 d6 6. cxd4 Nc6 7. Nc3 dxe5 8. dxe5 Nxc3 9. Qxd8+ Nxd8 10. bxc3 Bd7 11. a4 Nc6 12. Be3 O-O-O 13. Be2 Bg4 14. Rd1 Rxd1+ 15. Kxd1 a6 16. Bd4 e6 17. Kc2 Be7 18. h3 Bf5+ 19. Bd3 Bxd3+ 20. Kxd3 Rd8 21. Rd1 Rd5 22. Kc2 Bd8 23. Re1 h6 24. g3 Bc7 25. h4 Nxd4+ 26. cxd4 b5 27. axb5 axb5 28. Kb3 Bb6 29. Rd1 Kc7 30. Kb4 Kb7 31. Rd3 Ka6 32. Ra3+ Kb7 33. Rd3 Bd8 34. Rd1 Be7+ 35. Kb3 Rd8 36. Rc1 Ra8 37. Rc2 Ra3+ 38. Kb2 Rxf3 39. Rc3 Rxc3 40. Kxc3 Kc6 41. f4 Kd5 42. h5 g6 43. Kd3 gxh5 44. g4 hxg4 45. f5 exf5 46. Ke3 Bg5+ 47. Kd3 b4 48. Ke2 Kxd4 49. Kd1 b3 50. e6 fxe6 51. Ke1 b2 52. Ke2 b1=Q 53. Kf2 Qd3 54. Ke1 Qc2 55. Kf1 g3 56. Ke1 Qd2+ 57. Kf1 Qf2# 0-1


[Site "https://www.chess.com"]

[Event "Titled Tuesday Blitz March 07 Early 2023"]
[White "Qashashvili, Alexandre"]
[Black "Quirke, Jeffrey"]
[WhiteFideId "13600842"]
[BlackFideId "2013029"]
[WhiteElo "2405"]
[BlackElo "2197"]
[Result "1/2-1/2"]
[Round "10"]
[TimeControl "180+2"]
[Date "2023.03.07"]
[WhiteClock "0:00:06"]
[BlackClock "0:00:11"]

1. e4 g6 2. Nc3 Bg7 3. Nf3 d6 4. Bb5+ Nd7 5. d3 a6 6. Bxd7+ Qxd7 7. Be3 c5 8. Qd2 b5 9. h3 Bb7 10. a3 a5 11. Nd1 b4 12. axb4 axb4 13. Rxa8+ Bxa8 14. c3 bxc3 15. bxc3 Nf6 16. Bh6 O-O 17. h4 Bxh6 18. Qxh6 Rb8 19. Ng5 Qg4 20. O-O Qh5 21. Qxh5 Nxh5 22. Ne3 Nf4 23. Rd1 Ne2+ 24. Kh2 Nxc3 25. Ra1 Nb5 26. Nc4 h6 27. Nf3 d5 28. Nce5 dxe4 29. dxe4 Bxe4 30. Nd7 Rc8 31. Rc1 c4 32. Nb6 Rc7 33. Rxc4 Rxc4 34. Nxc4 Bxf3 35. gxf3 Nd4 36. Nd2 h5 37. Kg3 Kg7 38. Kf4 e6 39. Kg3 Nf5+ 40. Kh3 Kf6 41. Ne4+ Ke7 42. f4 f6 43. Nd2 Kd6 44. Ne4+ Ke7 45. Nd2 e5 46. fxe5 fxe5 47. Nf3 Kf6 48. Ng5 Nd6 49. Kg3 Kf5 50. f3 e4 51. Nh3 e3 52. Kg2 Nc4 53. Kf1 Ke5 54. Ke2 Kd4 55. Nf4 Ne5 56. Ne6+ Kd5 57. Nf4+ Kd4 58. Ne6+ Kd5 59. Nf4+ Kd4 1/2-1/2


[Site "https://www.chess.com"]

[Event "Titled Tuesday Blitz March 07 Early 2023"]
[White "Prieto Aranguren, Alain"]
[Black "Kuchava, Ana"]
[WhiteFideId "2268906"]
[BlackFideId "13605348"]
[WhiteElo "2209"]
[BlackElo "2001"]
[Result "1-0"]
[Round "10"]
[TimeControl "180+2"]
[Date "2023.03.07"]
[WhiteClock "0:00:56"]
[BlackClock "0:00:08"]

1. d4 d5 2. c4 e6 3. Nf3 Nf6 4. Nc3 Be7 5. cxd5 exd5 6. Bf4 c6 7. Qc2 O-O 8. e3 Re8 9. Bd3 Nbd7 10. O-O Nf8 11. Rab1 a5 12. Na4 Ne6 13. Be5 b5 14. Nc3 Bd7 15. Bxf6 Bxf6 16. Bxh7+ Kh8 17. Bd3 Rc8 18. Qe2 b4 19. Na4 c5 20. Nxc5 Nxc5 21. dxc5 Rxc5 22. Nd4 g6 23. Qf3 Kg7 24. Rbc1 Qc7 25. Rxc5 Qxc5 26. Nb3 Qd6 27. Rc1 Bxb2 28. Rc2 Bc3 29. Nxa5 Ra8 30. Nb3 Ba4 31. g3 Bxb3 32. axb3 Ra1+ 33. Kg2 Ra3 34. e4 dxe4 35. Bxe4 Rxb3 36. Bd5 Rb2 37. Qxf7+ Kh6 38. Rxb2 Bxb2 39. h4 Bg7 40. Be4 Qf6 41. Qe8 Qf8 42. Qxg6# 1-0


[Site "https://www.chess.com"]

[Event "Titled Tuesday Blitz March 07 Early 2023"]
[White "Blokhin, Sofia"]
[Black "Kiseleva, Arina"]
[WhiteFideId "4508190"]
[BlackFideId "4164989"]
[WhiteElo "1994"]
[BlackElo "1756"]
[Result "1-0"]
[Round "10"]
[TimeControl "180+2"]
[Date "2023.03.07"]
[WhiteClock "0:01:28"]
[BlackClock "0:00:21"]

1. d4 Nf6 2. c4 e6 3. Nc3 Bb4 4. f3 d5 5. a3 Bxc3+ 6. bxc3 O-O 7. cxd5 exd5 8. e3 Bf5 9. Bd3 Bxd3 10. Qxd3 c6 11. Ne2 Re8 12. O-O Qe7 13. a4 Nbd7 14. Ng3 g6 15. Re1 Nf8 16. e4 dxe4 17. fxe4 Ne6 18. e5 Nd5 19. Ne4 Kg7 20. Qh3 h5 21. Qg3 c5 22. c4 Nb4 23. d5 Nd4 24. Nf6 Nbc2 25. Qg5 Nxe1 26. Qh6# 1-0


[Site "https://www.chess.com"]

[Event "Titled Tuesday Blitz March 07 Early 2023"]
[White "Chakravarthi Reddy, M"]
[Black "Osuna Vega, Enrique"]
[WhiteFideId "25009532"]
[BlackFideId "2219549"]
[WhiteElo "2201"]
[BlackElo "2168"]
[Result "0-1"]
[Round "10"]
[TimeControl "180+2"]
[Date "2023.03.07"]
[WhiteClock "0:02:33"]
[BlackClock "0:01:35"]

1. c4 c6 2. Nf3 Nf6 3. e3 g6 4. Nc3 Bg7 5. Ke2 O-O 6. Ke1 d5 7. cxd5 Nxd5 8. d4 Nxc3 9. bxc3 c5 10. Bd3 Nc6 11. Ba3 cxd4 12. cxd4 Qa5+ 13. Kf1 Qxa3 14. h4 h5 15. Ng5 b6 16. Kg1 Ba6 17. Be4 Rac8 18. Rc1 Bb7 19. Qf3 Qxc1+ 20. Kh2 Qc3 0-1


[Site "https://www.chess.com"]

[Event "Titled Tuesday Blitz March 07 Early 2023"]
[White "Necula, Iulian"]
[Black "Thiel, Thomas"]
[WhiteFideId "1232380"]
[BlackFideId "4615964"]
[WhiteElo "1790"]
[BlackElo "2234"]
[Result "0-1"]
[Round "10"]
[TimeControl "180+2"]
[Date "2023.03.07"]
[WhiteClock "0:00:07"]
[BlackClock "0:01:07"]

1. d4 Nf6 2. Nc3 d5 3. Bf4 Bf5 4. e3 e6 5. f3 Bd6 6. Bxd6 Qxd6 7. g4 Bg6 8. Bd3 Bxd3 9. Qxd3 Nbd7 10. O-O-O h6 11. Kb1 c6 12. h4 O-O-O 13. Nge2 e5 14. e4 dxe4 15. Nxe4 Nxe4 16. Qxe4 exd4 17. Rxd4 Qf6 18. Qe3 Rde8 19. Qf2 Rxe2 20. Qg1 Rhe8 21. Rd1 Qxf3 22. Qxa7 Qxh1 23. Rc1 Re1 24. Qa8+ Nb8 0-1


[Site "https://www.chess.com"]

[Event "Titled Tuesday Blitz March 07 Early 2023"]
[White "Pissama Ntsaou, Martial"]
[Black "Burke, John F"]
[WhiteFideId "17400864"]
[BlackFideId "2052970"]
[WhiteElo "2064"]
[BlackElo "2211"]
[Result "0-1"]
[Round "10"]
[TimeControl "180+2"]
[Date "2023.03.07"]
[WhiteClock "0:00:05"]
[BlackClock "0:01:15"]

1. e4 c5 2. Nf3 Nc6 3. Bb5 e6 4. O-O Nge7 5. Re1 a6 6. Bf1 d6 7. d4 cxd4 8. Nxd4 Ng6 9. c4 Be7 10. Nc3 O-O 11. Be3 Qc7 12. b3 Nce5 13. h3 Re8 14. Qd2 b6 15. Red1 Bb7 16. Rac1 Rac8 17. f4 Nd7 18. f5 Ngf8 19. Nd5 exd5 20. cxd5 Qb8 21. Qf2 Nc5 22. Qf3 Bf6 23. g4 Nxe4 24. g5 Nxg5 25. Qg3 Bxd5 26. Bxg5 Be5 27. Bf4 Rxc1 28. Bxe5 dxe5 29. f6 Ng6 30. Rxc1 exd4 31. Qg4 Qf4 32. Qxf4 Nxf4 33. Bxa6 d3 34. Rd1 Re3 35. Rc1 Ne2+ 36. Kf2 Rf3+ 37. Kg2 Nxc1 38. Bxd3 0-1


[Site "https://www.chess.com"]

[Event "Titled Tuesday Blitz March 07 Early 2023"]
[White "Tarnowska, Aleksandra"]
[Black "Jesusesmifuerza"]
[WhiteFideId "1180967"]
[WhiteElo "1776"]
[BlackElo "2045"]
[Result "0-1"]
[Round "10"]
[TimeControl "180+2"]
[Date "2023.03.07"]
[WhiteClock "0:00:01"]
[BlackClock "0:00:09"]

1. e4 c5 2. Nf3 e6 3. d4 cxd4 4. Nxd4 Nf6 5. Nc3 Nc6 6. Nxc6 bxc6 7. Bd3 d5 8. exd5 cxd5 9. O-O Be7 10. Bf4 O-O 11. Re1 a5 12. a4 Ba6 13. Bxa6 Rxa6 14. Nb5 Rc6 15. c3 Ne4 16. f3 Nd6 17. Bxd6 Bxd6 18. Qe2 Be7 19. f4 g6 20. Rad1 Qb6+ 21. Kh1 Qc5 22. Rd3 Qc4 23. Rd4 Qxe2 24. Rxe2 Rfc8 25. g3 Rc4 26. Red2 Bf6 27. Rxc4 Rxc4 28. b3 Re4 29. Kg2 Re1 30. Rc2 Rb1 31. c4 d4 32. Rd2 Rxb3 33. Nxd4 Bxd4 34. Rxd4 Rb4 35. Rd8+ Kg7 36. c5 Rxa4 37. Ra8 Ra2+ 38. Kh3 a4 39. c6 Rc2 40. Rxa4 Rxc6 41. Ra7 h6 42. Kg4 Rc2 43. Kh3 h5 44. Ra5 Kf6 45. Re5 Rd2 46. Re4 Rd5 47. Re3 Kf5 48. Rb3 f6 49. Rb7 e5 50. fxe5 fxe5 51. Rf7+ Kg5 52. Re7 Kf6 53. Re8 Rd6 54. Kg2 Re6 55. Rf8+ Kg5 56. h4+ Kg4 57. Kf2 Kh3 58. Kf3 e4+ 59. Kf2 e3+ 60. Ke2 Kxg3 61. Rf3+ Kxh4 62. Rf4+ Kg5 63. Rf3 h4 64. Rh3 Kh5 65. Rh1 g5 66. Kf3 e2 67. Re1 g4+ 68. Kg2 Kg5 69. Kh2 Kf4 70. Kg2 h3+ 71. Kg1 g3 72. Kh1 Kf3 73. Rg1 e1=Q 0-1


[Site "https://www.chess.com"]

[Event "Titled Tuesday Blitz March 07 Early 2023"]
[White "Piesik, Piotr"]
[Black "Michalski, Olaf"]
[WhiteFideId "1136194"]
[BlackFideId "1106740"]
[WhiteElo "2311"]
[BlackElo "2173"]
[Result "1-0"]
[Round "10"]
[TimeControl "180+2"]
[Date "2023.03.07"]
[WhiteClock "0:01:26"]
[BlackClock "0:00:04"]

1. Nf3 d6 2. d4 Bg4 3. e4 Nf6 4. Bd3 Nc6 5. c3 e5 6. h3 Bxf3 7. Qxf3 exd4 8. cxd4 Nxd4 9. Qg3 g6 10. Nc3 Bg7 11. O-O O-O 12. Bg5 Ne6 13. Be3 c6 14. Rad1 Qe7 15. Bc2 Rad8 16. Bxa7 c5 17. Bb6 Rd7 18. Ba4 Nh5 19. Qg4 Nf6 20. Qg3 Nd4 21. Rfe1 Ra8 22. Bxd7 Nxd7 23. Nd5 Qe5 24. Qxe5 Bxe5 25. a3 Ra6 26. Bd8 Kg7 27. f4 Bf6 28. Bxf6+ Nxf6 29. Nxf6 Kxf6 30. e5+ dxe5 31. Rxe5 Rb6 32. Rd2 Rb5 33. Rxd4 1-0


[Site "https://www.chess.com"]

[Event "Titled Tuesday Blitz March 07 Early 2023"]
[White "Grigoryan, Meri"]
[Black "rikchessmx"]
[WhiteFideId "13300571"]
[WhiteElo "1919"]
[BlackElo "2202"]
[Result "1-0"]
[Round "10"]
[TimeControl "180+2"]
[Date "2023.03.07"]
[WhiteClock "0:01:02"]
[BlackClock "0:01:34"]

1. d4 d5 2. c4 e6 3. Nc3 c6 4. cxd5 exd5 5. Nf3 Nf6 6. Bg5 Be7 7. e3 O-O 8. Bd3 Nbd7 9. O-O Re8 10. Rc1 Nf8 11. Ne5 N6d7 12. Bxe7 Qxe7 13. Nxd7 Bxd7 14. h3 Qg5 15. Qf3 Re6 16. Qf5 Qh6 17. Qf4 g5 18. Qg3 Rae8 19. Bf5 Rf6 20. Bxd7 Nxd7 21. Rfe1 Qg6 22. f3 Rfe6 23. e4 dxe4 24. fxe4 Qg7 25. d5 Re5 26. dxc6 bxc6 27. Rcd1 f6 28. Rd6 R8e6 29. Rxe6 Rxe6 30. Qc7 Qe7 31. Rd1 Qc5+ 32. Kh1 Nf8 33. Rd8 h5 34. Qc8 h4 35. Qxe6+ 1-0


[Site "https://www.chess.com"]

[Event "Titled Tuesday Blitz March 07 Early 2023"]
[White "Sabar, Ethmane Daouda"]
[Black "Vargas, Mauricio"]
[WhiteFideId "19600097"]
[BlackFideId "4404572"]
[WhiteElo "1950"]
[BlackElo "2025"]
[Result "0-1"]
[Round "10"]
[TimeControl "180+2"]
[Date "2023.03.07"]
[WhiteClock "0:00:11"]
[BlackClock "0:00:20"]

1. e4 e5 2. Bc4 c6 3. d4 d5 4. exd5 cxd5 5. Bb3 e4 6. Nc3 Nf6 7. Bg5 Be6 8. f3 Nbd7 9. fxe4 dxe4 10. d5 Bf5 11. Nge2 Bc5 12. Nd4 Bg6 13. Na4 Bb4+ 14. c3 Ba5 15. O-O h6 16. Bh4 O-O 17. Nf5 b5 18. Nc5 Nxc5 19. Nxh6+ gxh6 20. Bxf6 Qd6 21. Bc2 Nd3 22. Bxd3 exd3 23. Qd2 Kh7 24. Rf3 Bb6+ 25. Kh1 Rae8 26. Raf1 Re2 27. Qc1 d2 28. Qd1 Rfe8 29. b3 Qxd5 30. h3 Re1 31. Kh2 Rxd1 32. Rxd1 Re1 0-1


[Site "https://www.chess.com"]

[Event "Titled Tuesday Blitz March 07 Early 2023"]
[White "Tharushi, T H D Niklesha"]
[Black "Howell, David W L"]
[WhiteFideId "9918264"]
[BlackFideId "410608"]
[WhiteElo "1596"]
[BlackElo "2567"]
[Result "0-1"]
[Round "10"]
[TimeControl "180+2"]
[Date "2023.03.07"]
[WhiteClock "0:00:18"]
[BlackClock "0:01:30"]

1. d4 Nc6 2. c4 d5 3. cxd5 Qxd5 4. Nf3 e5 5. Nc3 Bb4 6. dxe5 Bxc3+ 7. bxc3 Qxd1+ 8. Kxd1 Bf5 9. Bb2 O-O-O+ 10. Ke1 Nge7 11. Nh4 Be6 12. f4 Nd5 13. g3 Ne3 14. Kf2 Nc4 15. Bc1 Ne7 16. e4 Nd2 17. Ke3 Nxf1+ 18. Rxf1 Bc4 19. Re1 Rd3+ 20. Kf2 Rxc3 21. Re3 Rc2+ 22. Kf3 Rd8 23. Ba3 Nc6 24. Rc1 Rdd2 25. Rxc2 Rxc2 26. Nf5 h5 27. Nxg7 Nd4# 0-1


[Site "https://www.chess.com"]

[Event "Titled Tuesday Blitz March 07 Early 2023"]
[White "Tanmay Jain"]
[Black "Dilmukhametov, Artur"]
[WhiteFideId "45015481"]
[BlackFideId "24179922"]
[WhiteElo "2032"]
[BlackElo "2199"]
[Result "1-0"]
[Round "10"]
[TimeControl "180+2"]
[Date "2023.03.07"]
[WhiteClock "0:02:43"]
[BlackClock "0:02:09"]

1. Nf3 d5 2. g3 Nf6 3. Bg2 g6 4. O-O Bg7 5. d4 Nc6 6. c3 Bg4 7. Re1 Qd7 8. Nbd2 Bh3 9. e4 Bxg2 10. Kxg2 dxe4 11. Nxe4 Nxe4 12. Rxe4 O-O-O 13. Bf4 Qf5 14. Qe2 Rde8 15. Rd1 h6 16. d5 Nb8 17. Rxe7 Rxe7 18. Qxe7 Na6 19. d6 Bf6 20. d7+ 1-0


[Site "https://www.chess.com"]

[Event "Titled Tuesday Blitz March 07 Early 2023"]
[White "Sanchez, Robert"]
[Black "Winkels, Marcel"]
[WhiteFideId "2034360"]
[BlackFideId "1003887"]
[WhiteElo "2268"]
[BlackElo "1900"]
[Result "0-1"]
[Round "10"]
[TimeControl "180+2"]
[Date "2023.03.07"]
[WhiteClock "0:01:10"]
[BlackClock "0:00:29"]

1. e4 c5 2. Nf3 d6 3. d4 cxd4 4. Nxd4 Nf6 5. Nc3 g6 6. Be3 Bg7 7. f3 Nc6 8. Qd2 Nxd4 9. Bxd4 O-O 10. O-O-O Rb8 11. h4 b5 12. h5 b4 13. Nd5 e5 14. Be3 Nxd5 15. Qxd5 Be6 16. Qxd6 Qa5 17. hxg6 hxg6 18. Qa6 Qc7 19. Kb1 Rfc8 20. Bd3 Qe7 21. g4 Rd8 22. Bc4 Bxc4 23. Qxc4 Rdc8 24. Qa6 Qc7 25. Rd2 Bf8 26. Rhd1 Bc5 27. Bxc5 Qxc5 28. Qd6 a5 29. Qxc5 Rxc5 30. Rd5 Rbc8 31. Rxc5 Rxc5 32. Rd5 Rxd5 33. exd5 Kf8 34. c4 f5 35. gxf5 gxf5 36. Kc2 Ke7 37. Kd3 Kd6 38. b3 Kc5 39. Ke3 Kd6 40. Kf2 Kc5 41. Kg3 Kd6 42. Kh4 e4 43. fxe4 fxe4 44. Kg3 Ke5 45. Kf2 0-1


[Site "https://www.chess.com"]

[Event "Titled Tuesday Blitz March 07 Early 2023"]
[White "Nihal Sarin"]
[Black "Bluebaum, Matthias"]
[WhiteFideId "25092340"]
[BlackFideId "24651516"]
[WhiteElo "2689"]
[BlackElo "2638"]
[Result "1-0"]
[Round "11"]
[TimeControl "180+2"]
[Date "2023.03.07"]
[WhiteClock "0:00:05"]
[BlackClock "0:00:04"]

1. Nf3 d5 2. e3 c5 3. b3 a6 4. Bb2 Nc6 5. d4 cxd4 6. Nxd4 Nf6 7. Nxc6 bxc6 8. Nd2 e6 9. Bd3 Bd6 10. O-O O-O 11. c4 e5 12. Rc1 Qe7 13. Be2 Bb7 14. Nf3 Ne4 15. Rc2 f5 16. cxd5 cxd5 17. Nd2 Nf6 18. Qa1 Rae8 19. Rfc1 h6 20. a4 e4 21. g3 Qe6 22. Bd4 g5 23. b4 f4 24. Nb3 fxg3 25. fxg3 Nd7 26. Nc5 Bxc5 27. bxc5 Bc6 28. Bh5 Rb8 29. Rf1 Rxf1+ 30. Qxf1 Rf8 31. Rf2 Rxf2 32. Qxf2 Bxa4 33. h3 Bc6 34. Bg4 Qe7 35. Qf5 Nf8 36. Qc8 Bd7 37. Qxa6 Bxg4 38. hxg4 Qe6 39. Qb7 Qxg4 40. Qg7# 1-0


[Site "https://www.chess.com"]

[Event "Titled Tuesday Blitz March 07 Early 2023"]
[White "Fedoseev, Vladimir"]
[Black "Erigaisi Arjun"]
[WhiteFideId "24130737"]
[BlackFideId "35009192"]
[WhiteElo "2752"]
[BlackElo "2737"]
[Result "1-0"]
[Round "11"]
[TimeControl "180+2"]
[Date "2023.03.07"]
[WhiteClock "0:00:42"]
[BlackClock "0:00:04"]

1. e4 c6 2. d4 d5 3. e5 Bf5 4. Be3 e6 5. Nd2 a6 6. Ngf3 Nd7 7. c4 Bb4 8. Qb3 Ba5 9. cxd5 cxd5 10. Be2 Ne7 11. O-O O-O 12. Qxb7 Rb8 13. Qxa6 Rxb2 14. Nb3 Bb4 15. Rfc1 Nb6 16. Bd2 Bxd2 17. Nfxd2 Ng6 18. g3 Nc4 19. Bxc4 dxc4 20. Nxc4 Rc2 21. Nd6 Rxc1+ 22. Rxc1 Bh3 23. f4 Qe7 24. Rc8 h5 25. Rxf8+ Nxf8 26. Qb7 Qxb7 27. Nxb7 Nd7 28. a4 Bf5 29. N3c5 Nb8 30. a5 Nc6 31. a6 Kf8 32. Nd6 Bc2 33. Nc8 Nxd4 34. a7 1-0


[Site "https://www.chess.com"]

[Event "Titled Tuesday Blitz March 07 Early 2023"]
[White "Sjugirov, Sanan"]
[Black "Nakamura, Hikaru"]
[WhiteFideId "4189302"]
[BlackFideId "2016192"]
[WhiteElo "2569"]
[BlackElo "2879"]
[Result "0-1"]
[Round "11"]
[TimeControl "180+2"]
[Date "2023.03.07"]
[WhiteClock "0:00:02"]
[BlackClock "0:00:07"]

1. e4 e5 2. Nf3 Nc6 3. Bb5 a6 4. Ba4 d6 5. O-O Bd7 6. c4 g5 7. Bxc6 bxc6 8. d4 g4 9. Ne1 exd4 10. Qxd4 Qf6 11. Qd1 Bg7 12. Nc3 Ne7 13. Be3 Be6 14. Qe2 Ng6 15. Rc1 Ne5 16. b3 Qg6 17. Kh1 f5 18. Nd3 Nxd3 19. Qxd3 O-O 20. exf5 Bxf5 21. Qd2 h5 22. Bd4 Bh6 23. Be3 Bg7 24. Bd4 h4 25. Bxg7 Qxg7 26. Kg1 Rf7 27. Rce1 Raf8 28. Re3 Bg6 29. Ne2 c5 30. g3 hxg3 31. Rxg3 Bf5 32. f3 Bd7 33. Qc3 Qh6 34. Rf2 Re8 35. Rfg2 Kf8 36. fxg4 Bc6 37. g5 Qg6 38. Rf2 Qb1+ 39. Nc1 Rxf2 40. Kxf2 Qf5+ 41. Kg1 Kg8 42. g6 Qe4 43. Kf2 Rf8+ 44. Kg1 Qh1# 0-1


[Site "https://www.chess.com"]

[Event "Titled Tuesday Blitz March 07 Early 2023"]
[White "Duda, Jan-Krzysztof"]
[Black "Bok, Benjamin"]
[WhiteFideId "1170546"]
[BlackFideId "1017063"]
[WhiteElo "2790"]
[BlackElo "2658"]
[Result "1-0"]
[Round "11"]
[TimeControl "180+2"]
[Date "2023.03.07"]
[WhiteClock "0:00:58"]
[BlackClock "0:00:39"]

1. e4 e5 2. Nf3 Nc6 3. Bc4 Bc5 4. d3 Nf6 5. c3 d6 6. Bg5 h6 7. Bh4 a6 8. Nbd2 Ba7 9. a4 Qe7 10. b4 g5 11. Bg3 Nh7 12. b5 Na5 13. Ba2 Nf8 14. d4 Ng6 15. h4 exd4 16. cxd4 g4 17. h5 gxf3 18. hxg6 fxg2 19. gxf7+ Kf8 20. Rg1 Bxd4 21. Rxg2 Be6 22. Nf3 Bc3+ 23. Kf1 Bxa2 24. Rxa2 Kxf7 25. Rc2 Bf6 26. Qd5+ Kf8 27. Rxc7 1-0


[Site "https://www.chess.com"]

[Event "Titled Tuesday Blitz March 07 Early 2023"]
[White "Andreikin, Dmitry"]
[Black "Demchenko, Anton"]
[WhiteFideId "4158814"]
[BlackFideId "4160258"]
[WhiteElo "2736"]
[BlackElo "2545"]
[Result "1-0"]
[Round "11"]
[TimeControl "180+2"]
[Date "2023.03.07"]
[WhiteClock "0:00:06"]
[BlackClock "0:00:01"]

1. Nf3 Nf6 2. c4 c6 3. Nc3 d5 4. e3 g6 5. d4 Bg7 6. h3 O-O 7. Be2 e6 8. O-O Nbd7 9. b3 b6 10. a4 a5 11. Ba3 Re8 12. cxd5 exd5 13. Qc2 Bb7 14. Rfc1 Bf8 15. Bxf8 Kxf8 16. Qb2 Qe7 17. Na2 Ne4 18. b4 axb4 19. Nxb4 Qf6 20. Nd3 c5 21. a5 Kg8 22. Nfe5 Nxe5 23. dxe5 Qh4 24. Bf3 Ng5 25. Bg4 h5 26. Bd7 Re7 27. e6 d4 28. Nf4 dxe3 29. fxe3 Qg3 30. Ra3 Nf3+ 31. Kf1 Nh2+ 32. Ke2 Bxg2 33. Qf6 Qf3+ 34. Kd3 Bf1+ 35. Kc2 Qf2+ 36. Kb1 bxa5 37. Rb3 a4 38. Rb2 Qxe3 39. exf7+ 1-0


[Site "https://www.chess.com"]

[Event "Titled Tuesday Blitz March 07 Early 2023"]
[White "Matlakov, Maxim"]
[Black "Gholami Orimi, Mahdi"]
[WhiteFideId "4168003"]
[BlackFideId "12558486"]
[WhiteElo "2666"]
[BlackElo "2363"]
[Result "1-0"]
[Round "11"]
[TimeControl "180+2"]
[Date "2023.03.07"]
[WhiteClock "0:00:24"]
[BlackClock "0:00:01"]

1. e4 e5 2. Nf3 Nc6 3. Bb5 a6 4. Ba4 Nf6 5. O-O b5 6. Bb3 Bc5 7. c3 d6 8. d4 Bb6 9. Be3 O-O 10. Nbd2 h6 11. h3 Re8 12. Re1 exd4 13. cxd4 Nb4 14. Qb1 c5 15. a3 c4 16. Bxc4 bxc4 17. axb4 d5 18. e5 Nh7 19. Nf1 Be6 20. Ng3 Qd7 21. Nh4 Reb8 22. Nhf5 a5 23. Bd2 Qb5 24. Nd6 Qd7 25. Ngf5 axb4 26. Rxa8 Rxa8 27. Bxb4 Bd8 28. Bd2 Ng5 29. Qc2 Ne4 30. Rxe4 dxe4 31. Qxe4 Ra1+ 32. Kh2 Bc7 33. d5 Bxf5 34. Nxf5 h5 35. Bc3 Bb6 36. Qf4 g6 37. Nh6+ Kh7 38. Nxf7 Qxd5 39. Ng5+ Kg8 40. e6 Qf5 41. Qb8+ Qf8 42. Qe5 Qxf2 43. Qg7# 1-0


[Site "https://www.chess.com"]

[Event "Titled Tuesday Blitz March 07 Early 2023"]
[White "Harsha Bharathakoti"]
[Black "Bortnyk, Olexandr"]
[WhiteFideId "5078776"]
[BlackFideId "14120828"]
[WhiteElo "2481"]
[BlackElo "2734"]
[Result "0-1"]
[Round "11"]
[TimeControl "180+2"]
[Date "2023.03.07"]
[WhiteClock "0:00:04"]
[BlackClock "0:00:16"]

1. d4 d6 2. e4 Nf6 3. Nc3 Nbd7 4. Nf3 e5 5. Bc4 Be7 6. O-O c6 7. a4 h6 8. Re1 Qc7 9. h3 Nf8 10. Be3 Ng6 11. a5 O-O 12. Qb1 Nxe4 13. Nxe4 d5 14. Bxd5 cxd5 15. Nc3 Be6 16. dxe5 Bb4 17. Bd4 Bxa5 18. Nb5 Qd8 19. Nd6 Bxe1 20. Qxe1 b6 21. Qe3 f5 22. Bc3 f4 23. Qd2 Qd7 24. Re1 a5 25. Nd4 Ne7 26. f3 Nc6 27. Nxc6 Qxc6 28. Bd4 b5 29. c3 Rab8 30. Kh2 Qc7 31. Ra1 a4 32. Qd3 Qd7 33. Rg1 Bf5 34. Qd2 Be6 35. Qd3 Qe7 36. Qd2 Qg5 37. Qf2 b4 38. Ra1 bxc3 39. Bxc3 Ra8 40. Bd4 Rfb8 41. Qd2 Qg3+ 42. Kh1 Rb3 43. Bf2 Qg5 44. Kh2 Rab8 45. Ra2 Qxe5 0-1


[Site "https://www.chess.com"]

[Event "Titled Tuesday Blitz March 07 Early 2023"]
[White "Vokhidov, Shamsiddin"]
[Black "Shimanov, Aleksandr"]
[WhiteFideId "14204223"]
[BlackFideId "4198603"]
[WhiteElo "2570"]
[BlackElo "2631"]
[Result "1-0"]
[Round "11"]
[TimeControl "180+2"]
[Date "2023.03.07"]
[WhiteClock "0:00:35"]
[BlackClock "0:00:22"]

1. e4 c6 2. Nf3 d5 3. Nc3 dxe4 4. Nxe4 Nf6 5. Qe2 Nxe4 6. Qxe4 Qd5 7. Qf4 Qf5 8. Qe3 Nd7 9. c3 g6 10. d4 Bg7 11. Bd3 Qd5 12. O-O O-O 13. Qxe7 Nb6 14. Qh4 Bf5 15. Bxf5 Qxf5 16. Bh6 Rfe8 17. Bxg7 Kxg7 18. Rfe1 Nc4 19. b3 Nb2 20. Ne5 f6 21. Ng4 h5 22. Ne3 Qd3 23. Qg3 Kh7 24. Qc7+ Kh6 25. Qxb7 Qxc3 26. Rac1 Qxd4 27. Qxc6 Nd3 28. Rcd1 Rad8 29. g3 Qb2 30. Rxd3 Rxd3 31. Qxe8 1-0


[Site "https://www.chess.com"]

[Event "Titled Tuesday Blitz March 07 Early 2023"]
[White "Mahdavi, Reza"]
[Black "Zakhartsov, Vladimir"]
[WhiteFideId "12595926"]
[BlackFideId "4145097"]
[WhiteElo "2208"]
[BlackElo "2521"]
[Result "1-0"]
[Round "11"]
[TimeControl "180+2"]
[Date "2023.03.07"]
[WhiteClock "0:00:09"]
[BlackClock "0:00:03"]

1. Nf3 g6 2. g3 Bg7 3. Bg2 d5 4. d4 Nf6 5. O-O O-O 6. c4 dxc4 7. a4 c5 8. Na3 cxd4 9. Qxd4 Qxd4 10. Nxd4 Ne8 11. Be3 Nd6 12. Rac1 Bxd4 13. Bxd4 Be6 14. Bc5 Nc6 15. Rfd1 Na5 16. Bb4 Nb3 17. Rc3 Rac8 18. Bxd6 exd6 19. Nb5 Rfd8 20. Bxb7 Rb8 21. Rxd6 Rxd6 22. Nxd6 Nd4 23. Kf1 Nf5 24. Nxf5 Rxb7 25. Nd4 Bd5 26. Rc2 Rb4 27. f3 Rxa4 28. Kf2 f5 29. Rd2 Ra5 30. Nc2 Kf7 31. Ne3 Be6 32. Rd4 Rc5 33. Rd6 Bc8 34. Nd1 Ke7 35. Rd4 Be6 36. Nc3 Rc8 37. Rh4 Bg8 38. Rd4 Rb8 39. Rd2 Be6 40. e4 fxe4 41. Nxe4 Bf5 42. Nc3 Bd3 43. Ke3 Kd6 44. Ne4+ Kc6 45. Nf2 Bf5 46. g4 Be6 47. Ne4 Bd5 48. Nc3 Rb3 49. f4 a5 50. Kd4 Bf7 51. Re2 Rb7 52. Re5 Rd7+ 53. Ke3 Rd3+ 54. Ke2 Rh3 55. Rxa5 Rxh2+ 56. Ke3 Rxb2 57. Ra7 Be6 58. g5 Rh2 59. Kd4 Rh3 60. Ra6+ Kd7 61. Ne4 Rd3+ 62. Ke5 Rd5+ 63. Kf6 Rf5+ 64. Kg7 Rf7+ 65. Kh6 Bf5 66. Nc5+ Ke7 67. Ra7+ Kf8 68. Ra8+ Ke7 69. Ra7+ Ke8 70. Ra4 c3 71. Rc4 c2 72. Nb3 Rb7 73. Nd4 Bd3 74. Rc3 Rd7 75. Nxc2 Bf5 76. Ne3 Be4 77. Rc4 Bf5 78. Nxf5 gxf5 79. Rc5 Rf7 80. Rc8+ Kd7 81. Rh8 Ke6 82. Rxh7 Rf8 83. Ra7 Kd5 84. Re7 Kd4 85. Kg7 Ra8 86. g6 Ra1 87. Kf7 Rg1 88. g7 1-0


[Site "https://www.chess.com"]

[Event "Titled Tuesday Blitz March 07 Early 2023"]
[White "Corrales Jimenez, Fidel"]
[Black "Papasimakopoulos, Alexandros"]
[WhiteFideId "3506690"]
[BlackFideId "4244125"]
[WhiteElo "2541"]
[BlackElo "2359"]
[Result "0-1"]
[Round "11"]
[TimeControl "180+2"]
[Date "2023.03.07"]
[WhiteClock "0:00:02"]
[BlackClock "0:00:38"]

1. e4 e6 2. d4 d5 3. e5 a6 4. Nf3 Bd7 5. a4 c5 6. c3 Nc6 7. dxc5 Bxc5 8. b4 Ba7 9. Bd3 Nge7 10. O-O Ng6 11. Re1 Bb8 12. Bg5 Qc8 13. Bxg6 hxg6 14. Nbd2 Ne7 15. Bxe7 Kxe7 16. Nb3 Qxc3 17. Nc5 Bc6 18. Rb1 Ba7 19. Re3 Qc4 20. Nd4 Rh4 21. Rd3 Bxc5 22. bxc5 Qxc5 23. Qd2 Kf8 24. Rc1 Qe7 25. g3 Re4 26. f4 Bxa4 27. Kg2 Bb5 28. Rf3 Bc4 29. Rf2 b5 30. Nf3 Qa7 31. Ng5 Rd4 32. Qb4+ Kg8 33. Rc3 a5 34. Qb2 b4 35. Rcf3 a4 36. g4 a3 37. Qa1 b3 38. Rh3 b2 39. Qe1 Qa5 40. Qe3 Rd3 0-1


[Site "https://www.chess.com"]